 Dungeon Crawl Stone Soup version 0.22-a0-348-gd16d139 (webtiles) character file.

124 tilp the Chiller (level 5, 0/52 HPs)
             Began as a Merfolk Ice Elementalist on Apr 8, 2018.
             Killed from afar by an orc wizard (3 damage)
             ... with a puff of flame
             ... on level 3 of the Dungeon.
             The game lasted 00:09:37 (2981 turns).

tilp the Chiller (Merfolk Ice Elementalist)         Turns: 2981, Time: 00:09:37

Health: 0/52       AC:  3    Str: 13    XL:     5   Next: 8%
Magic:  8/8        EV: 13    Int: 20    God:
Gold:   143        SH:  0    Dex: 15    Spells: 2/8 levels left

rFire    . . .     SeeInvis .   i - +0 dagger
rCold    . . .     Gourm    .   (no shield)
rNeg     . . .     Faith    .   a - +0 robe
rPois    .         Spirit   .   j - +0 helmet
rElec    .         Reflect  .   (no cloak)
rCorr    .         Harm     .   (no gloves)
MR       .....                  (no boots)
Stlth    ..........             (no amulet)
HPRegen  0.17/turn              (no ring)
MPRegen  0.11/turn              (no ring)

@: confused, brilliant, berserking, flying, very slightly contaminated, very
quick
A: change form in water, swift swim, stealthy swim
a: no special abilities


You were on level 3 of the Dungeon.
You were not hungry.

You visited 1 branch of the dungeon, and saw 3 of its levels.

You collected 143 gold pieces.

Inventory:

Hand Weapons
 f - a +0 spear
 i - a +0 dagger (weapon)
 n - a +0 hunting sling
Missiles
 e - 90 stones
 s - 3 javelins (quivered)
Armour
 a - a +0 robe (worn)
 j - a +0 helmet (worn)
Jewellery
 d - an uncursed ring of poison resistance {unknown}
 g - an uncursed ring of positive energy {unknown}
Scrolls
 h - 2 scrolls of enchant weapon {unknown}
 k - a scroll of identify {unknown}
 p - 2 scrolls of teleportation {unknown}
 q - a scroll of remove curse {unknown}
Potions
 o - a potion of brilliance
Comestibles
 c - 7 rations
 r - 3 chunks of flesh


   Skills:
 - Level 2.6 Dodging
 - Level 2.1 Stealth
 - Level 2.0 Spellcasting
 - Level 0.7 Conjurations
 + Level 6.2 Ice Magic


You had 2 spell levels left.
You knew the following spells:

 Your Spells              Type           Power        Failure   Level  Hunger
a - Freeze                Ice            ####         1%          1    #......
b - Throw Frost           Conj/Ice       ####..       1%          2    ##.....
c - Ozocubu's Armour      Chrm/Ice       ####....     1%          3    ###....


Dungeon Overview and Level Annotations

Branches:
Dungeon (3/15)

Altars:
Uskayaw
Vehumet


Message History

You feel yourself moving faster!
You feel mighty! Something hits you but does no damage.
The orc closely misses you.
You hit the orc.
The orc is almost dead.
Something hits you but does no damage. The orc closely misses you.
You closely miss the orc.
The orc is almost dead.
You hear some strange, mumbled words.
You are confused.
You miss something. The orc closely misses you.
Unknown command.
You bump into the rock wall.
Something hits you.
* * * LOW HITPOINT WARNING * * *
The orc hits you but does no damage.
You bump into the rock wall.
You feel a strong urge to attack something.
You hear some strange, mumbled words.
A puff of flame appears from out of thin air!
The puff of flame hits you!
You die...

..................###..#######.#.
........####......# #..# #.#.
........# #......# #..# #.#.
....†...# #.....## #..# #.##
##.#†#### #.....# ##.## #.#
#.........#.....# #..# #.#
...........#.....# ##.## #.#
###.o......#...o.# #..# #.#
.........#....@######..### #.#
##........#.....#.........###.#
.........#.....#.......>.'...#
#........#####.....).....#####
#.....####### #.....# #.....#
#.....###########
#......)........#


You could see an orc.

Vanquished Creatures
  Robin (D:3)
  An adder (D:2)
  3 gnolls (D:3)
  2 worms
  2 dart slugs
  An orc (D:3)
  7 bats
  4 giant cockroaches
  21 goblins
  8 hobgoblins
  A quokka (D:2)
  A ball python (D:2)
  2 frilled lizards (D:1)
  4 kobolds
  3 rats
61 creatures vanquished.

Notes
Turn   | Place    | Note
-------+----------+-------------------------------------------
     0 | D:1      | tilp the Merfolk Ice Elementalist began the quest for the Orb.
     0 | D:1      | Reached XP level 1. HP: 13/13 MP: 3/3
   325 | D:1      | Reached XP level 2. HP: 19/19 MP: 1/5
   392 | D:1      | Reached skill level 4 in Ice Magic
   633 | D:1      | Reached XP level 3. HP: 9/24 MP: 1/6
   895 | D:1      | Learned a level 2 spell: Throw Frost
   899 | D:1      | Learned a level 3 spell: Ozocubu's Armour
  1399 | D:2      | Reached skill level 5 in Ice Magic
  1685 | D:2      | Found a radiant altar of Vehumet.
  1911 | D:3      | Reached XP level 4. HP: 30/30 MP: 5/7
  2642 | D:3      | Noticed Robin
  2658 | D:3      | Killed Robin
  2658 | D:3      | Reached skill level 6 in Ice Magic
  2698 | D:3      | Reached XP level 5. HP: 34/35 MP: 2/8
  2873 | D:3      | Found a hide-covered altar of Uskayaw.
  2970 | D:3      | HP: 1/35 [something/puff of flame (13)]
  2980 | D:3      | HP: 2/52 [something (1)]
  2981 | D:3      | Killed from afar by an orc wizard

Vault maps used:
D:1:      dpeg_arrival_orchard, minmay_quantized
D:2:      lemuel_coloured_pillars_altar, first_ration
D:3:      grunt_temple_overflow_opulence, old_standard_altar, uniq_robin

Skill      XL: |  1  2  3  4 |
---------------+-------------+-----
Ice Magic      | 4 5 6 |  6.2
Dodging        | |  2.6
Stealth        | |  2.1
Spellcasting   | |  2.0
Conjurations   | |  0.7

Action                   |  1- 3 |  4- 6 || total
-------------------------+-------+-------++-------
Melee: Dagger            |    15 |    43 ||    58
Throw: Javelin           |    23 |     5 ||    28
       Stone             |     8 |       ||     8
 Cast: Freeze            |    43 |    29 ||    72
       Ozocubu's Armour  |     3 |     7 ||    10
       Throw Frost       |     2 |       ||     2
  Use: Potion            |       |     5 ||     5
 Stab: Sleeping          |     2 |       ||     2
  Eat: Chunk             |     4 |     5 ||     9
Armor: Robe              |     6 |    17 ||    23
Dodge: Dodged            |    34 |    45 ||    79

Table legend:
 A = Spawn XP
 B = Non-spawn XP
 C = Spawn XP percentage of total XP
 D = Spawn monster count
 E = Non-spawn monster count
 F = Spawn count percentage of total count
 G = Total turns spent on level
                    A         B        C        D         E        F      G
               +---------+---------+-------+---------+---------+-------+---------
         Total |       0 |     178 |   0.0 |       0 |      61 |   0.0 |  2981
               +---------+---------+-------+---------+---------+-------+---------
           D:1 |       0 |      34 |   0.0 |       0 |      20 |   0.0 |   929
           D:2 |       0 |      47 |   0.0 |       0 |      18 |   0.0 |  1005
           D:3 |       0 |      97 |   0.0 |       0 |      23 |   0.0 |  1047
               +---------+---------+-------+---------+---------+-------+---------
